 Dungeon Crawl Stone Soup version 0.30-a0-634-g8abc85282e (webtiles) character file.

Game seed: 12069062319269844210

47198 Popcorn the Unseen (level 14, -10/96 HPs)
             Began as a Kobold Brigand on Jan 10, 2023.
             Was a High Priest of Dithmenos.
             Mangled by a catoblepas (11 damage)
             ... while petrified by a catoblepas
             ... on level 5 of the Lair of Beasts on Jan 14, 2023.
             The game lasted 01:33:23 (23113 turns).

Popcorn the Unseen (Kobold Brigand)                Turns: 23113, Time: 01:33:23

Health: -10/96     AC:  7    Str:  9    XL:     14   Next: 80%
Magic:  0/17       EV:  3    Int: 13    God:    Dithmenos [*****.]
Gold:   653        SH:  0    Dex: 26    Spells: 13/13 levels left

rFire   . . .      SeeInvis .    a - +1 rapier
rCold   . . .      Faith    .    (no shield)
rNeg    + + +      Spirit   +    H - +0 robe
rPois   ∞          Reflect  .    (no helmet)
rElec   .          Harm     .    s - scarf {shadows}
rCorr   .          Rampage  .    I - +2 pair of gloves {Stlth+}
Will    +....                    w - +1 pair of boots Stlth *****+++++
                                 B - amulet of guardian spirit
HPRegen 0.36/turn                i - +6 ring of dexterity
MPRegen 0.15/turn                K - ring of poison resistance

@: petrified, wreathed by umbra, studying Axes
A: small, no large weapons, nightstalker 3
a: Renounce Religion, Shadow Step, Shadow Form


You were on level 5 of the Lair of Beasts.
You worshipped Dithmenos.
Dithmenos was extremely pleased with you.
You visited 3 branches of the dungeon, and saw 17 of its levels.

You collected 1135 gold pieces.
You spent 482 gold pieces at shops.

Inventory:

Hand Weapons
 a - a +1 rapier (weapon)
 b - a +4 sling of draining
 v - a +2 quick blade of protection
Missiles
 e - 3 curare-tipped darts
 f - 3 atropa-tipped darts
 h - 9 throwing nets
 q - 21 poisoned darts
 r - 2 boomerangs of dispersal
Armour
 s - a scarf of shadows (worn)
 w - a +1 pair of boots (worn)
 H - a +0 robe (worn)
 I - a +2 pair of gloves of stealth (worn)
 V - an orb of energy
Jewellery
 i - a +6 ring of dexterity (left hand)
 k - a ring of wizardry
 B - an amulet of guardian spirit (around neck)
 G - a ring of ice
 K - a ring of poison resistance (right hand)
 T - a ring of wizardry
 U - a ring of ice
Wands
 d - a wand of digging (4)
 o - a wand of flame (28)
 t - a wand of quicksilver (12)
 J - a wand of charming (11) (quivered)
 M - a wand of iceblast (11)
 N - a wand of mindburst (14)
Scrolls
 j - a scroll of immolation
 l - 4 scrolls of teleportation
 y - a scroll of summoning
 F - 2 scrolls of poison
 O - a scroll of magic mapping
 P - a scroll of vulnerability
Potions
 c - a potion of mutation
 g - 5 potions of berserk rage
 m - 6 potions of curing
 n - a potion of ambrosia
 p - 2 potions of attraction
 u - a potion of cancellation
 x - 3 potions of might
 z - 2 potions of magic
 D - 4 potions of lignification
 E - 2 potions of flight
 L - a potion of invisibility
 Q - a potion of haste
 R - a potion of resistance
 S - 2 potions of brilliance
Miscellaneous
 A - a piece from Xom's chessboard (15/15)


   Skills:
 + Level 14.1 Fighting
 - Level 14.0 Short Blades
 - Level 2.1 Throwing
 + Level 15.2 Dodging
 + Level 18.5 Stealth
 - Level 4.0 Invocations


You had 13 spell levels left.
You didn't know any spells.
Your spell library contained the following spells:

 Spells                   Type           Power      Damage    Failure   Level
 Summon Small Mammal      Summ           0%         N/A       30%         1
 Cigotuvi's Dreadful Rot  Necr/Pois/Air  0%         N/A       43%         2
 Static Discharge         Conj/Air       0%         2-2/arc   43%         2
 Call Canine Familiar     Summ           0%         N/A       67%         3
 Ignite Poison            Fire/Tmut/Pois 0%         N/A       67%         3
 Kindle Blastsparks       Fire/Tloc/Air  0%         2d10      67%         3
 Summon Guardian Golem    Hex/Summ       0%         N/A       67%         3
 Vhi's Electric Charge    Tloc/Air       0%         N/A       67%         3
 Animate Armour           Summ/Erth      0%         N/A       97%         4
 Dispel Undead            Necr           0%         3d6       97%         4
 Arcjolt                  Conj/Air       0%         1d10      100%        5
 Blade Hands              Tmut           0%         N/A       100%        5
 Freezing Cloud           Conj/Ice/Air   0%         6-21      100%        5
 Lightning Bolt           Conj/Air       0%         1d11      100%        5
 Death Channel            Necr           0%         N/A       100%        6
 Iron Shot                Conj/Erth      0%         9d1       100%        6
 Maxwell's Capacitive Co  Air            0%         ∞         100%        8


Dungeon Overview and Level Annotations

Branches:
Dungeon (11/15)            Temple (1/1) D:7            Lair (5/5) D:10
  Swamp (0/4) Lair:3        Snake (0/4) Lair:2        Slime (0/5) Lair:4
    Orc (0/2) D:11

Altars:
Cheibriados
Dithmenos
Elyvilon
Fedhas
Gozag
Hepliaklqana
Kikubaaqudgha
Okawaru
Ru
Trog
Uskayaw
Vehumet
Wu Jian
Xom
Yredelemnul
Zin
The Shining One
Jiyva

Shops:
D:7 ![(   D:10 ?

Annotations:
D:6 Sigmund
D:7 Orcs in a vault
D:9 4 transporters
D:10 4 runed translucent doors, exclusion: 4 doors


Innate Abilities, Weirdness & Mutations

You are small and have problems with some larger weapons.
You are completely attuned to the shadows.


Message History

The catoblepas misses you.
You hit the catoblepas.
The catoblepas is severely wounded.
You hit the catoblepas.
The catoblepas is almost dead.
The catoblepas barely misses you.
You barely miss the catoblepas.
The catoblepas is almost dead.
You barely miss the catoblepas.
The catoblepas is almost dead.
The catoblepas breathes a plume of calcifying dust at you.
The blast of calcifying dust hits you.
You hit the catoblepas but do no damage.
The catoblepas is almost dead.
You are engulfed in calcifying dust.
You are slowing down.
Okay, then.
Aiming: Quicksilver Bolt
Press: ? - help, Shift-Dir - straight line, f/p - catoblepas
Aim: a catoblepas (almost dead, umbra, 100% to hit)
The bolt of dispelling energy hits the catoblepas!
The catoblepas is almost dead.
You are engulfed in calcifying dust.
Your limbs have turned to stone.
The catoblepas gores you but does no damage.
The catoblepas gores you!!
* * * LOW HITPOINT WARNING * * *
You have turned to stone.
You are engulfed in calcifying dust.
The catoblepas gores you!!
* * * LOW HITPOINT WARNING * * *
You are engulfed in calcifying dust.
The catoblepas gores you!!
* * * LOW HITPOINT WARNING * * *
The catoblepas breathes a plume of calcifying dust at you.
The blast of calcifying dust hits you!
* * * LOW HITPOINT WARNING * * *
You are engulfed in calcifying dust.
The catoblepas breathes a plume of calcifying dust at you.
The blast of calcifying dust hits you.
* * * LOW HITPOINT WARNING * * *
You are engulfed in calcifying dust.
The catoblepas gores you!!
You die...

##### ##.§.# **
**#..@P#### ,*****
****,...Y....##
,,,*,****,**,....[....#
,,,,,,*,,,,,,.........#*
,,,,*,*,*,*,*,#.......(#*
,,,,,,,,,,,,,,,,,.......#
***,*,*,*,*,*,*,,.......#
***,,,,,,,,,,,,,,.......##
*,,*,*,*,*,*,*,,........#


You could see a catoblepas.

Vanquished Creatures
  Harold (Lair:2)
  7 hydras
  2 boulder beetles
  2 two-headed ogres
  7 death yaks
  A lindwurm (Lair:5)
  An oklob plant (Lair:3)
  An ugly thing (D:11)
  A cyclops (D:11)
  Joseph (D:7)
  8 elephants
  A molten gargoyle (Lair:5)
  7 black mambas
  A gargoyle (D:10)
  12 cane toads
  6 rime drakes
  Maggie (D:6)
  8 komodo dragons
  An efreet (D:11)
  2 kobold demonologists (D:10)
  2 trolls
  3 polar bears
  Prince Ribbit (Lair:2)
  2 hornets (D:9)
  17 blink frogs
  A centaur simulacrum (D:11)
  8 wyverns
  36 yaks
  2 shadows
  A basilisk (Lair:5)
  3 vampire mosquitoes (D:11)
  Menkaure (D:6)
  2 steam dragons
  2 swamp worms (Lair:3)
  17 water moccasins
  4 ice beasts
  3 ogres
  11 orc warriors
  7 wolves
  2 phantoms
  2 centaurs
  3 kobold brigands
  9 bullfrogs
  2 gnoll sergeants
  A scorpion (D:5)
  14 wights
  9 killer bees
  3 electric eels
  3 howler monkeys
  5 jellies
  6 orc priests
  2 gnoll boudas
  3 hounds
  An iguana (D:4)
  Ijyb (D:3)
  21 orc wizards
  Natasha (thrice) (D:3)
  Robin (D:3)
  19 gnolls
  9 adders
  A white imp (D:8)
  2 ufetubi
  3 worms
  4 dart slugs
  55 orcs
  6 ball pythons
  4 endoplasms
  A giant cockroach (D:3)
  7 goblins
  13 hobgoblins
  27 kobolds
  2 quokkas
  4 bats (D:1)
  5 frilled lizards
  A rat (D:1)
  A bush (Lair:3)
449 creatures vanquished.

Vanquished Creatures (others)
  26 fungi
  48 plants
74 creatures vanquished.

Grand Total: 523 creatures vanquished

Notes
Turn   | Place    | Note
-------+----------+-------------------------------------------
     0 | D:1      | Popcorn the Kobold Brigand began the quest for the Orb.
     0 | D:1      | Reached XP level 1. HP: 12/12 MP: 1/1
   221 | D:1      | Reached XP level 2. HP: 18/18 MP: 2/2
   714 | D:1      | Reached XP level 3. HP: 22/22 MP: 3/3
  1159 | D:2      | Found a faded altar of an unknown god.
  1553 | D:3      | Reached XP level 4. HP: 27/27 MP: 4/4
  1568 | D:3      | Reached skill level 6 in Stealth
  1572 | D:3      | Reached XP level 5. HP: 31/32 MP: 5/5
  1656 | D:3      | Noticed Ijyb
  1667 | D:3      | Killed Ijyb
  1688 | D:3      | Noticed Natasha
  1740 | D:3      | Killed Natasha
  1823 | D:3      | Noticed Robin
  1862 | D:3      | Killed Robin
  1863 | D:3      | Reached XP level 6. HP: 28/37 MP: 6/6
  1999 | D:3      | Noticed Natasha
  2015 | D:3      | Killed Natasha
  2031 | D:3      | Noticed Natasha
  2036 | D:3      | Killed Natasha
  2465 | D:4      | Reached skill level 7 in Stealth
  2506 | D:4      | Found a radiant altar of Vehumet.
  2775 | D:4      | Noticed an ogre
  2779 | D:4      | Killed an ogre
  2780 | D:4      | Reached skill level 5 in Short Blades
  2780 | D:4      | Reached XP level 7. HP: 43/43 MP: 7/7
  3095 | D:5      | Entered Level 5 of the Dungeon
  3164 | D:5      | Noticed a water moccasin
  3176 | D:5      | Noticed a water moccasin
  3180 | D:5      | Killed a water moccasin
  3300 | D:5      | Reached skill level 8 in Stealth
  3300 | D:5      | Reached XP level 8. HP: 48/48 MP: 8/8
  3335 | D:5      | Reached skill level 5 in Fighting
  3355 | D:5      | Reached skill level 5 in Dodging
  4533 | D:6      | Noticed Sigmund
  4749 | D:6      | Noticed Maggie
  4757 | D:6      | Killed Maggie
  4758 | D:6      | Reached skill level 9 in Stealth
  4758 | D:6      | Reached XP level 9. HP: 55/55 MP: 9/9
  4851 | D:6      | Noticed Menkaure
  4855 | D:6      | Killed Menkaure
  5157 | D:6      | Reached skill level 10 in Stealth
  5478 | D:7      | Found a staircase to the Ecumenical Temple.
  5484 | Temple   | Entered the Ecumenical Temple
  5634 | Temple   | Became a worshipper of Dithmenos the Shadowed
  5866 | D:7      | Found a transporter.
  5934 | D:7      | Noticed Joseph
  5936 | D:7      | Killed Joseph
  5962 | D:7      | Found Denih's Distillery.
  6069 | D:7      | Bought a potion of heal wounds for 80 gold pieces
  6069 | D:7      | Bought a potion of heal wounds for 80 gold pieces
  6163 | D:7      | Found Pewig's Antique Weapon Shoppe.
  6187 | D:7      | Found Keneareo's Antique Armour Shoppe.
  6194 | D:7      | Bought a pair of embroidered gloves for 195 gold pieces
  6360 | D:7      | Found a glowing golden altar of the Shining One.
  6400 | D:7      | Identified the +2 pair of gloves of the World {rF+}
  6930 | D:8      | Reached XP level 10. HP: 55/63 MP: 10/10
  7290 | D:8      | Reached skill level 11 in Stealth
  7384 | D:8      | Found a glowing silver altar of Zin.
  7484 | D:8      | Reached * piety under Dithmenos
  8032 | D:8      | Found an iron altar of Okawaru.
  8600 | D:9      | Found a sacrificial altar of Ru.
  8603 | D:9      | Found a hide-covered altar of Uskayaw.
  8605 | D:9      | Found a snail-covered altar of Cheibriados.
  8822 | D:9      | Reached skill level 10 in Short Blades
  9019 | D:9      | Found a transporter.
  9021 | D:9      | Found a transporter.
  9195 | D:9      | Reached skill level 12 in Stealth
  9315 | D:9      | Found a transporter.
  9342 | D:9      | Found a transporter.
  9372 | D:9      | Found a hazy altar of Hepliaklqana.
 10019 | D:7      | Reached XP level 11. HP: 69/69 MP: 11/11
 10052 | D:7      | Reached ** piety under Dithmenos
 10059 | D:7      | Found a transporter.
 10167 | D:10     | Entered Level 10 of the Dungeon
 10488 | D:10     | Found a staircase to the Lair.
 10513 | D:10     | Reached skill level 10 in Dodging
 10530 | D:10     | Reached skill level 13 in Stealth
 11028 | D:10     | Found Civoamav's Magic Scroll Shoppe.
 11032 | D:10     | Bought a scroll of enchant armour for 127 gold pieces
 11532 | D:10     | Noticed a two-headed ogre
 11535 | D:10     | Killed a two-headed ogre
 11638 | D:10     | Found a huge runed translucent gate.
 11639 | D:10     | Found a huge runed translucent gate.
 11640 | D:10     | Found a huge runed translucent gate.
 11641 | D:10     | Found a huge runed translucent gate.
 11762 | D:10     | Noticed a death yak
 12414 | D:11     | Reached skill level 10 in Fighting
 12636 | D:11     | Reached *** piety under Dithmenos
 13184 | D:11     | Noticed a cyan ugly thing
 13187 | D:11     | Killed a cyan ugly thing
 13188 | D:11     | Reached XP level 12. HP: 77/77 MP: 12/12
 13421 | D:11     | Reached skill level 14 in Stealth
 13682 | D:11     | Noticed a two-headed ogre
 13696 | D:11     | Killed a two-headed ogre
 13775 | D:11     | Found a staircase to the Orcish Mines.
 13840 | D:11     | Reached **** piety under Dithmenos
 14328 | Lair:1   | Entered Level 1 of the Lair of Beasts
 14351 | Lair:1   | You fall into a shaft and drop 1 floor!
 14382 | Lair:2   | Noticed Harold
 14385 | Lair:2   | Killed Harold
 14913 | Lair:1   | Identified a scroll of acquirement
 14913 | Lair:1   | Acquired a +2 quick blade of venom
 14988 | Lair:1   | Reached skill level 15 in Stealth
 15163 | Lair:1   | Reached skill level 1 in Invocations
 15985 | Lair:2   | Reached XP level 13. HP: 72/84 MP: 11/14
 16411 | Lair:2   | Found a staircase to the Snake Pit.
 16828 | Lair:2   | Noticed Prince Ribbit
 16860 | Lair:2   | Killed Prince Ribbit
 17296 | Lair:3   | Noticed a five-headed hydra
 17299 | Lair:3   | Killed a five-headed hydra
 17346 | Lair:3   | Reached skill level 16 in Stealth
 17358 | Lair:3   | Noticed an eight-headed hydra
 17362 | Lair:3   | Killed an eight-headed hydra
 17399 | Lair:3   | Found a staircase to the Swamp.
 17567 | Lair:3   | Noticed an eight-headed hydra
 17570 | Lair:3   | Killed an eight-headed hydra
 18066 | Lair:3   | Identified the +6 great sword "Sotic" {drain, Str+4 Int+9
                  | SInv}
 18934 | Lair:4   | Found a staircase to the Slime Pits.
 18946 | Lair:4   | Found a viscous altar of Jiyva.
 19622 | Lair:4   | Identified the +5 broad axe "Gidapyv" {freeze, *Slow rC+
                  | Str+2}
 19743 | Lair:4   | Reached skill level 17 in Stealth
 19743 | Lair:4   | Reached XP level 14. HP: 83/92 MP: 15/17
 20320 | Lair:5   | Entered Level 5 of the Lair of Beasts
 20902 | Lair:5   | Reached ***** piety under Dithmenos
 21296 | Lair:4   | Reached skill level 18 in Stealth
 22426 | Lair:5   | Reached skill level 15 in Dodging
 23080 | Lair:5   | Upgraded the game from 0.30-a0-622-gddc90eaa04 to
                  | 0.30-a0-634-g8abc85282e
 23111 | Lair:5   | HP: 1/96 [catoblepas/blast of calcifying dust (4)]
 23113 | Lair:5   | Mangled by a catoblepas

Illustrated notes

Levels and vault maps discovered:
D:1:      elethiomel_arrival_quiet, layout_loops_ring
D:2:      layout_basic, chequers_ecumenical_altar_simple
D:3:      layout_basic, uniq_natasha, uniq_ijyb, uniq_robin
D:4:      layout_basic, vehumet_crystals, kennysheep_decorative_pillar,
          minmay_quadrilaterals
D:5:      layout_basic, hellmonk_bongcloud_opening
D:6:      layout_loops_ring, uniq_sigmund, uniq_menkaure, uniq_maggie
D:7:      gammafunk_beogh_shrine, layout_loops_ring, tso_metal_star,
          minmay_temple_entry_tees, serial_shops, shop_statue, shop, shop,
          uniq_joseph
D:8:      layout_layer_cave, nicolae_overflow_hidden_temple,
          okawaru_altar_gauntlet_db
D:9:      layout_loops_corners, grunt_temple_overflow_open,
          nicolae_hepliaklqana_hazy_memory, nicolae_transporter_circle
D:10:     lemuel_bear_cage, layout_long_grid, hellmonk_lair_entry_icy,
          serial_shops, nicolae_shop_crystal
D:11:     layout_long_grid, erik_orc_2, gauntlet_entry_generic, minmay_bent
Temple:   dpeg_chambers_temple
Lair:1:   layout_gridlike, infiniplex_staircase_pool_2
Lair:2:   layout_regular_city, dummy_snake_entry, serial_bayou_pond_a,
          uniq_prince_ribbit2, uniq_harold
Lair:3:   layout_long_grid, minmay_swamp_entry_worms, minmay_lair_oklob_bushes,
          guppyfry_lair_drakes
Lair:4:   layout_layer_cave, nicolae_slime_entry_field_trip
Lair:5:   cheibrodos_lair_end_hotspot, layout_cave_pods, st_stairs_10

Skill      XL: |  1  2  3  4  5  6  7  8  9 10 11 12 13 14 |
---------------+-------------------------------------------+-----
Short Blades   | 3 4 5 7 8 10 12 13 14 | 14.0
Dodging        | 2 3 4 6 7 9 10 12 13 15 | 15.2
Fighting       | 3 4 6 7 8 10 11 12 14 | 14.1
Stealth        | 6 7 8 9 10 12 13 15 17 18 | 18.5
Invocations    | 2 4 |  4.0
Throwing       | |  2.1

Action                   |  1- 3 |  4- 6 |  7- 9 | 10-12 | 13-15 || total
-------------------------+-------+-------+-------+-------+-------++-------
Melee: Dagger            |    37 |   156 |   100 |       |       ||   293
       Punch             |       |     3 |     4 |    26 |    23 ||    56
       Rapier            |       |       |   139 |   823 |   892 ||  1854
       Quick blade       |       |       |       |    82 |       ||    82
 Fire: Sling             |       |       |       |    11 |    32 ||    43
Throw: Dart              |       |    13 |       |       |       ||    13
       Throwing net      |       |     1 |       |       |       ||     1
       Boomerang         |       |       |       |       |     1 ||     1
Invok: Shadow Step       |       |       |       |     1 |     1 ||     2
Evoke: Wand              |       |     1 |     1 |       |     1 ||     3
       Piece from Xom's  |       |       |       |       |     1 ||     1
  Use: Scroll            |     8 |     2 |     6 |    18 |     9 ||    43
       Potion            |       |       |     3 |     7 |     3 ||    13
 Stab: Sleeping          |    19 |    15 |    27 |    54 |    52 ||   167
       Distracted        |       |     2 |     1 |    15 |     6 ||    24
       Invisible         |       |       |       |       |     3 ||     3
Armor: Robe              |     1 |    16 |    13 |    42 |    44 ||   116
Dodge: Dodged            |    11 |    73 |   157 |   656 |   544 ||  1441

Table legend: (Time is in decaauts)
 A = Elapsed time spent in this place.
 B = Non-inter-level travel time spent in this place.
 C = Inter-level travel time spent in this place.
 D = Time resting spent in this place.
 E = Time spent auto-exploring this place.
 F = Levels seen in this place.
 G = Mean time per level.
                   A        B        C        D        E       F      G
               +--------+--------+--------+--------+--------+-----+--------+
         Total |  22248 |  21105 |   1143 |   3442 |  13139 |  17 | 1308.7 |
       Dungeon |  13788 |  13216 |    572 |   1957 |   8536 |  11 | 1253.5 |
        Temple |    170 |    151 |     19 |      0 |    137 |   1 |  170.0 |
          Lair |   8289 |   7737 |    552 |   1485 |   4465 |   5 | 1657.8 |
               +--------+--------+--------+--------+--------+-----+--------+

Top non-repeatable levels by time:
  Lair:5: 2441 daAuts
     D:9: 1976 daAuts
    D:10: 1893 daAuts
    D:11: 1824 daAuts
  Lair:4: 1645 daAuts
     D:8: 1609 daAuts
  Lair:2: 1601 daAuts
  Lair:3: 1446 daAuts
     D:5: 1400 daAuts
  Lair:1: 1154 daAuts
     D:7: 1153 daAuts
     D:6: 878 daAuts
     D:1: 872 daAuts
     D:4: 796 daAuts
     D:3: 717 daAuts
